 Dungeon Crawl Stone Soup version 0.31-a0-631-g285b096dc4 (webtiles) character file.

Game seed: 7561928878333608961

27 HoaS the Shooter (level 2, 0/24 HPs)
             Began as a Demigod Hunter on Aug 25, 2023.
             Succumbed to an adder's poison
             ... on level 2 of the Dungeon.
             The game lasted 00:03:11 (1085 turns).

HoaS the Shooter (Demigod Hunter)                   Turns: 1085, Time: 00:03:11

Health: 0/24       AC:  5    Str: 12    XL:     2   Next: 72%
Magic:  4/4        EV: 12    Int: 11    God:
Gold:   81         SH:  0    Dex: 17    Spells: 1/1 levels left

rFire   . . .        a - +0 shortbow
rCold   . . .        (shield currently unavailable)
rNeg    . . .        c - +0 leather armour
rPois   .            (no helmet)
rElec   .            j - +1 cloak
rCorr   .            (no gloves)
SInv    .            (no boots)
Will    .....        (no amulet)
Stlth   ++           (no ring)
HPRegen 0.24/turn    (no ring)
MPRegen 0.09/turn

%: no passive effects
@: lethally poisoned (0 -> -2), hasted, very quick
A: high MP 1, forlorn, divine attributes
a: no special abilities


You were on level 2 of the Dungeon.
You visited 1 branch of the dungeon, and saw 2 of its levels.

You collected 81 gold pieces.

Inventory:

Hand Weapons
 a - a +0 shortbow (weapon)
Armour
 c - a +0 leather armour (worn)
 j - a +1 cloak (worn)
Scrolls
 b - a scroll of butterflies


   Skills:
 - Level 1.7 Fighting
 + Level 4.5 Ranged Weapons
 - Level 1.7 Dodging
 - Level 0.8 Stealth


You had one spell level left.
You didn't know any spells.
Your spell library contained the following spells:

 Spells                   Type           Power      Damage    Failure   Level
 Cigotuvi's Dreadful Rot  Necr/Pois/Air  0%         N/A       56%         2
 Dazzling Flash           Conj/Hex       0%         N/A       80%         3
 Ignite Poison            Fire/Tmut/Pois 0%         N/A       80%         3
 Agony                    Necr           0%         N/A       100%        5
 Freezing Cloud           Conj/Ice/Air   0%         6-21      100%        5
 Silence                  Hex/Air        0%         N/A       100%        5


Dungeon Overview and Level Annotations

Branches:
Dungeon (2/15)


Innate Abilities, Weirdness & Mutations

You have an increased reservoir of magic. (+10% MP)
You shall have no god before yourself.
Your divine heritage dramatically boosts your attributes as you level up.


Message History

You are poisoned.
The adder poisons you!
You shoot an arrow. The arrow misses the adder.
You feel sick.
The adder bites you but does no damage. x2
You shoot an arrow. The arrow hits the adder.
The adder is severely wounded.
You feel sick. The adder barely misses you.
You shoot an arrow. The arrow barely misses the adder.
You feel sick. The adder closely misses you. x2
You shoot an arrow. The arrow barely misses the adder.
You feel sick.
You are no longer poisoned.
The adder bites you but does no damage. The adder bites you.
You are poisoned.
The adder poisons you!
You are too injured to fight recklessly!
You are too injured to fight recklessly!
You are too injured to fight recklessly!
You are too injured to fight recklessly!
You are too injured to fight recklessly!
You shoot an arrow. The arrow barely misses the adder.
You feel sick. The adder misses you.
You shoot an arrow. The arrow hits the adder.
The adder is almost dead.
You feel sick. The adder bites you.
* * * LOW HITPOINT WARNING * * *
You are lethally poisoned!
The adder poisons you! The adder closely misses you.
You shoot an arrow. The arrow hits the adder.
You kill the adder!
* * * LOW HITPOINT WARNING * * *
You feel sick.
There is a lethal amount of poison in your body!
It was a potion of haste.
You feel yourself speed up.
* * * LOW HITPOINT WARNING * * *
You feel sick.
* * * LOW HITPOINT WARNING * * *
You feel sick.
* * * LOW HITPOINT WARNING * * *
You feel sick.
You die...

####### #.. ..# #.# #.#
########
#########.###.###.......
.................>#####.
#..@......###.# #.
#..##.#######.#####. #..
#.# #......... #.. #.#
#.#.##.##. ... ..#
#.#.##.##. #... #.#
#.#....##. #... #.#
#......... #... #.#
###....##. #.##.##.


There were no monsters in sight!

Vanquished Creatures
  An adder (D:2)
  2 endoplasms
  A giant cockroach (D:1)
  3 goblins (D:1)
  A hobgoblin (D:2)
  A ball python (D:2)
  A bat (D:2)
  7 frilled lizards (D:1)
  A kobold (D:1)
  A rat (D:1)
19 creatures vanquished.

Notes
Turn   | Place    | Note
-------+----------+-------------------------------------------
     0 | D:1      | HoaS the Demigod Hunter began the quest for the Orb.
     0 | D:1      | Reached XP level 1. HP: 17/17 MP: 3/3
   297 | D:1      | Reached skill level 4 in Ranged Weapons
   388 | D:1      | Reached XP level 2. HP: 24/24 MP: 4/4
  1083 | D:2      | HP: 1/24 [poisoned by an adder]
  1085 | D:2      | Succumbed to an adder's poison

Illustrated notes

Levels and vault maps discovered:
D:1:      scummos_arrival_hexagon, layout_basic
D:2:      layout_basic, serial_shops, shop, shapermc_ecumenical_altar_venn

Skill      XL: |  1 |
---------------+----+-----
Ranged Weapons | 4 |  4.5
Fighting       | |  1.7
Dodging        | |  1.7
Stealth        | |  0.8

Action                     || total
---------------------------++-------
   Fire: Shortbow          ||    51
    Use: Scroll            ||     5
         Potion            ||     1
 Armour: Leather armour    ||     7
  Dodge: Dodged            ||    11

Table legend: (Time is in decaauts)
 A = Elapsed time spent in this place.
 B = Non-inter-level travel time spent in this place.
 C = Inter-level travel time spent in this place.
 D = Time resting spent in this place.
 E = Time spent auto-exploring this place.
 F = Levels seen in this place.
 G = Mean time per level.
                   A        B        C        D        E       F      G
               +--------+--------+--------+--------+--------+-----+--------+
         Total |   1096 |   1072 |     24 |    100 |    846 |   2 |  548.0 |
       Dungeon |   1096 |   1072 |     24 |    100 |    846 |   2 |  548.0 |
               +--------+--------+--------+--------+--------+-----+--------+

Top non-repeatable levels by time:
     D:1: 806 daAuts
     D:2: 289 daAuts
